 Dungeon Crawl Stone Soup version 0.16.2-12-gd0ad4c3 (webtiles) character file.

56 Charly the Sneak (level 3, -1/24 HPs)
             Began as an Octopode Assassin on Sept 24, 2015.
             Slain by a worker ant (7 damage)
             ... on level 4 of the Dungeon.
             The game lasted 00:04:41 (336 turns).

Charly the Sneak (Octopode Assassin)                 Turns: 336, Time: 00:04:42

Health: -1/24      AC:  1    Str: 11    XL:     3   Next: 97%
Magic:  3/3        EV: 11    Int: 13    God:
Gold:   81         SH:  0    Dex: 13    Spells: 0 memorised, 2 levels left

rFire  . . .     SeeInvis .     b - +0 blowgun
rCold  . . .     Clarity  .     (no shield)
rNeg   . . .     SustAb   .     (helmet restricted)
rPois  .         Gourm    .     (no amulet)
rElec  .         Spirit   .     (no ring)
rCorr  .         Warding  .     (no ring)
rMut   .         Stasis   .     (no ring)
MR     .....                    (no ring)
Stlth  +++++.....               (no ring)
                                (no ring)
                                (no ring)
                                (no ring)

@: not resistant to hostile enchantments, quite stealthy
A: almost no armour, amphibious, 8 rings, constrict 8, camouflage 1, gelatinous
body 1
a: no special abilities


You were on level 4 of the Dungeon.
You were not hungry.

You visited 1 branch of the dungeon, and saw 4 of its levels.

You collected 81 gold pieces.

Inventory:

Hand weapons
 a - a +2 dagger
 b - a +0 blowgun (weapon)
Missiles
 e - 4 poisoned needles (quivered)
 f - 2 curare-tipped needles
Magical devices
 m - a wand of disintegration (2)
Scrolls
 d - a scroll of fear {unknown}
 i - a scroll of teleportation {unknown}
 n - a scroll of immolation {unknown}
Potions
 h - a potion of agility {unknown}
 j - a potion of brilliance {unknown}
 k - a potion of poison {unknown}
 o - a potion of curing {unknown}
Comestibles
 c - a beef jerky
 g - 2 bread rations
 l - 2 meat rations


   Skills:
 - Level 2.0 Fighting
 - Level 2.0 Short Blades
 - Level 2.0 Throwing
 - Level 1.0 Dodging
 + Level 7.5 Stealth


You had 2 spell levels left.
You didn't know any spells.

Dungeon Overview and Level Annotations

Branches:
Dungeon (4/15)
 Temple: D:4-7

Altars:
Nemelex Xobeh


Innate Abilities, Weirdness & Mutations

You cannot wear most types of armour.
You are amphibious.
You can wear up to eight rings at the same time.
You can use your tentacles to constrict many enemies at once.
Your skin changes colour to match your surroundings (Stealth).
Your rubbery body absorbs attacks (AC +1).


Message History

You hit the giant gecko skeleton. You grab the giant gecko skeleton.
You constrict the giant gecko skeleton.
You destroy the giant gecko skeleton!
The worker ant twitches its antennae in your direction.
You hit the worker ant but do no damage.
You grab the worker ant. You constrict the worker ant.
The worker ant bites you.
* * * LOW HITPOINT WARNING * * *
b - a +0 blowgun (weapon)
You constrict the worker ant, but do no damage.
Firing (i - inventory. (,) - cycle):
e - 5 poisoned needles (quivered)
Press: ? - help, Shift-Dir - straight line, f - worker ant
Aim: a worker ant (lightly wounded, constricted by you)
You shoot a poisoned needle.
The poisoned needle hits the worker ant!
The worker ant is poisoned.
The worker ant is lightly wounded.
You constrict the worker ant, but do no damage.
The worker ant bites you!
You die...

#..†.# #....# #####....+
+....+
..........####+#....####
#...###..).............
#... +.................
+.. #.................
.. #.................
#.....)..........
##+###@..#+##+### +.a.+
+##+###...# ........<.#
.(g.......+ ..(......#
##+##....# #.....
#......


You could see a worker ant.

Vanquished Creatures
  An adder (D:3)
  3 gnolls (D:4)
  An orc (D:3)
  3 goblins
  3 hobgoblins
  2 kobolds
  A quokka (D:3)
  A bat (D:1)
  2 giant cockroaches
  A giant gecko skeleton (D:4)
  A giant newt (D:1)
  A rat (D:2)
20 creatures vanquished.

Notes
Turn   | Place    | Note
--------------------------------------------------------------
     0 | D:1      | Charly, the Octopode Assassin, began the quest for the Orb.
     0 | D:1      | Reached XP level 1. HP: 14/14 MP: 1/1
    50 | D:2      | Reached XP level 2. HP: 17/19 MP: 2/2
    73 | D:2      | Reached skill level 6 in Stealth
   231 | D:3      | Reached XP level 3. HP: 24/24 MP: 3/3
   295 | D:4      | Reached skill level 7 in Stealth
   308 | D:4      | Found a sparkling altar of Nemelex Xobeh.
   336 | D:4      | Slain by a worker ant

Action                   || total
-------------------------++-------
Melee: Dagger            ||    25
 Fire: Blowgun           ||     9
 Stab: Sleeping          ||     6
